 Dungeon Sprint DCSS version 0.26-a0-667-g92642533e4 (webtiles) character file.

Game seed: 8361478855527542392

4187 mhtbhm the Eclecticist (level 10, 0/54 HPs)
             Began as a Deep Elf Earth Elementalist on Oct 17, 2020.
             Was an Elder of Vehumet.
             Slain by a basilisk (3 damage)
             ... while petrified by a basilisk
             ... in the Dungeon (Sprint IX: "|||||||||||||||||||||||||||||").
             The game lasted 00:04:09 (1261 turns).

mhtbhm the Eclecticist (DEEE)                       Turns: 1261, Time: 00:04:10

Health: 0/54       AC:  4    Str:  5    XL:     10   Next: 8%
Magic:  19/34      EV:  2    Int: 24    God:    Vehumet [****..]
Gold:   7          SH:  0    Dex: 15    Spells: 30/45 levels left

rFire    . . .     SeeInvis +   l - +2 rapier (venom)
rCold    . . .     Faith    .   (no shield)
rNeg     + + +     Spirit   .   c - +0 robe
rPois    ∞         Reflect  .   e - +1 hat {SInv}
rElec    .         Harm     .   (no cloak)
rCorr    .         Rampage  .   o - +0 pair of gloves
MR       +....     NoTele   +   (no boots)
Stlth    +++.......             (no amulet)
HPRegen  0.18/turn              (no ring)
MPRegen  0.24/turn              (no ring)

@: petrified
A: no striking features
a: Renounce Religion


You were in the Dungeon.
You worshipped Vehumet.
Vehumet was greatly pleased with you.
You visited 1 branch You collected 7 gold pieces.

Inventory:

Hand Weapons
 l - a +2 rapier of venom (weapon)
Missiles
 b - 7 stones (quivered)
Armour
 c - a +0 robe (worn)
 e - a +1 hat of see invisible (worn)
 o - a +0 pair of gloves (worn)
 p - a +0 helmet
Jewellery
 m - a +3 ring of intelligence
 n - a +3 ring of intelligence
Wands
 k - a wand of acid (5)
Scrolls
 f - 4 scrolls of remove curse
 i - 2 scrolls of blinking
 j - 2 scrolls of amnesia
 t - 2 scrolls of fog
 u - 2 scrolls of enchant armour
 v - 2 scrolls of enchant weapon
Potions
 a - a potion of invisibility
 d - 2 potions of curing
 g - 2 potions of magic
 h - 3 potions of berserk rage
 q - 4 potions of heal wounds
 r - a potion of resistance
 s - 2 potions of might


   Skills:
 + Level 2.5 Fighting
 + Level 6.7 Dodging
 + Level 5.2 Stealth
 + Level 18.2 Spellcasting
 + Level 1.1 Conjurations
 + Level 3.0 Transmutations
 + Level 17.0 Earth Magic
 + Level 3.4 Evocations


You had 30 spell levels left.
You knew the following spells:

 Your Spells              Type           Power        Failure   Level
a - Sandblast             Erth           ######       0%          1
b - Passwall              Tmut/Erth      ######..     1%          2
c - Stone Arrow           Conj/Erth      ######       1%          3
d - Lee's Rapid Deconstr  Erth           #######...   1%          5
e - Petrify               Tmut/Erth      ######..     1%          4

Your spell library contained the following spells:

 Spells                   Type           Power        Failure   Level
 Inner Flame              Hex/Fire       ###.....     1%          3


Dungeon Overview and Level Annotations

Branches:
Dungeon (1/1)

Altars:
Cheibriados
Dithmenos
Elyvilon
Fedhas
Gozag
Hepliaklqana
Kikubaaqudgha
Makhleb
Nemelex Xobeh
Okawaru
Qazlal
Ru
Sif Muna
Trog
Uskayaw
Vehumet
Wu Jian
Xom
Yredelemnul
Zin
The Shining One
Beogh
Jiyva
Lugonu


Message History

Casting: Lee's Rapid Deconstruction (safe; 1% risk of failure)
Confirm with . or Enter, or press ? or * to list all spells.
Okay, then.
Evoke which item? (* to show all) (? for menu, Esc to quit)
Okay, then.
You feel better. The basilisk gazes at you.
You easily resist.
The basilisk closely misses you.
You have turned to stone.
The basilisk bites you! x3
A bullfrog comes into view.
The basilisk bites you!
* * * LOW HITPOINT WARNING * * *
The basilisk bites you!
* * * LOW HITPOINT WARNING * * *
The basilisk bites you!
* * * LOW HITPOINT WARNING * * *
The basilisk bites you.
* * * LOW HITPOINT WARNING * * *
The basilisk bites you.
You die...

▓▓▓▓▓▓▓▓▓▓▓▓▓▓▓▓▓▓▓▓▓▓▓▓▓▓▓▓▓▓▓▓▓
____________________'.....'....)÷
▓▓▓▓▓▓▓▓▓▓▓▓▓▓▓▓▓▓▓▓▓▓▓▓▓▓▓▓▓▓▓▓▓
.................................
▓▓▓▓▓▓▓▓▓▓▓▓▓▓▓▓▓▓▓▓▓▓▓▓▓▓▓▓▓▓▓▓▓
.FFhFFl@.....=).....'...
▓▓▓▓▓▓▓▓▓▓▓▓▓▓▓▓▓▓▓▓▓▓▓▓


You could see a polar bear, a basilisk and 4 bullfrogs.

Vanquished Creatures
  Gastronok (D)
  A boulder beetle (D)
  A deep elf mage (D)
  A cane toad (D)
  A komodo dragon (D)
  A troll (D)
  A wyvern (D)
  A vampire (D)
  2 ogres (D)
  A big kobold (D)
  3 bullfrogs (D)
  An iguana (D)
  2 worker ants (D)
  An adder (D)
  A white imp (D)
  A leopard gecko (D)
  A bat zombie (D)
  A goblin (D)
  A hobgoblin (D)
  2 frilled lizards (D)
  A giant cockroach zombie (D)
26 creatures vanquished.

Notes
Turn   | Place    | Note
-------+----------+-------------------------------------------
     0 | D        | mhtbhm the Deep Elf Earth Elementalist began the quest for
                  | the Orb.
     0 | D        | Reached XP level 1. HP: 10/10 MP: 6/6
   106 | D        | Noticed an ogre
   106 | D        | Noticed an ogre
   109 | D        | Reached XP level 2. HP: 15/15 MP: 4/8
   110 | D        | Reached skill level 4 in Spellcasting
   110 | D        | Reached skill level 5 in Earth Magic
   119 | D        | Killed an ogre
   119 | D        | Reached skill level 7 in Spellcasting
   119 | D        | Reached XP level 3. HP: 19/19 MP: 1/13
   119 | D        | Reached XP level 4. HP: 24/24 MP: 1/15
   126 | D        | Killed an ogre
   126 | D        | Reached skill level 8 in Spellcasting
   126 | D        | Reached XP level 5. HP: 28/28 MP: 13/18
   245 | D        | Found a roughly hewn altar of Beogh.
   245 | D        | Found a snail-covered altar of Cheibriados.
   245 | D        | Found a shadowy altar of Dithmenos.
   245 | D        | Found a white marble altar of Elyvilon.
   245 | D        | Found a blossoming altar of Fedhas.
   245 | D        | Found an opulent altar of Gozag.
   246 | D        | Found a hazy altar of Hepliaklqana.
   247 | D        | Found a viscous altar of Jiyva.
   248 | D        | Found an ancient bone altar of Kikubaaqudgha.
   249 | D        | Found a corrupted altar of Lugonu.
   250 | D        | Found a burning altar of Makhleb.
   251 | D        | Found a sparkling altar of Nemelex Xobeh.
   252 | D        | Found an iron altar of Okawaru.
   253 | D        | Found a stormy altar of Qazlal.
   254 | D        | Found a sacrificial altar of Ru.
   255 | D        | Found a shimmering blue altar of Sif Muna.
   256 | D        | Found a bloodstained altar of Trog.
   257 | D        | Found a hide-covered altar of Uskayaw.
   258 | D        | Found a radiant altar of Vehumet.
   259 | D        | Found an ornate altar of the Wu Jian Council.
   260 | D        | Found a shimmering altar of Xom.
   261 | D        | Found a basalt altar of Yredelemnul.
   262 | D        | Found a glowing silver altar of Zin.
   263 | D        | Found a glowing golden altar of the Shining One.
   266 | D        | Became a worshipper of Vehumet
   311 | D        | Learned a level 2 spell: Passwall
   315 | D        | Learned a level 3 spell: Stone Arrow
   321 | D        | Learned a level 5 spell: Lee's Rapid Deconstruction
   326 | D        | Learned a level 4 spell: Petrify
   328 | D        | Noticed a vampire
   328 | D        | Noticed a troll
   331 | D        | Reached skill level 5 in Dodging
   331 | D        | Reached skill level 9 in Spellcasting
   331 | D        | Reached skill level 10 in Earth Magic
   333 | D        | Reached * piety under Vehumet
   333 | D        | Offered knowledge of Freeze by Vehumet.
   333 | D        | Reached XP level 6. HP: 32/32 MP: 10/20
   335 | D        | Reached skill level 10 in Spellcasting
   335 | D        | Killed a troll
   335 | D        | Reached skill level 11 in Spellcasting
   345 | D        | Killed a vampire
   345 | D        | Reached ** piety under Vehumet
   345 | D        | Reached skill level 5 in Stealth
   345 | D        | Reached skill level 12 in Spellcasting
   345 | D        | Reached XP level 7. HP: 20/36 MP: 3/24
   580 | D        | Noticed a wyvern
   580 | D        | Noticed a deep elf mage
   580 | D        | Noticed a boulder beetle
   591 | D        | Offered knowledge of Searing Ray by Vehumet.
   594 | D        | Reached skill level 1 in Fighting
   598 | D        | Noticed a fire elemental
   599 | D        | Killed a wyvern
   599 | D        | Reached *** piety under Vehumet
   599 | D        | Reached skill level 13 in Spellcasting
   600 | D        | Killed a boulder beetle
   600 | D        | Reached skill level 15 in Spellcasting
   600 | D        | Reached skill level 1 in Evocations
   600 | D        | Reached XP level 8. HP: 41/44 MP: 10/29
   607 | D        | Killed a deep elf mage
   607 | D        | Reached skill level 15 in Earth Magic
   607 | D        | Reached XP level 9. HP: 46/48 MP: 8/30
   751 | D        | Noticed Gastronok
   764 | D        | Killed Gastronok
   764 | D        | Offered knowledge of Ignite Poison by Vehumet.
   764 | D        | Reached skill level 17 in Spellcasting
  1244 | D        | Noticed a komodo dragon
  1244 | D        | Noticed a cane toad
  1247 | D        | Offered knowledge of Inner Flame by Vehumet.
  1247 | D        | Reached **** piety under Vehumet
  1249 | D        | Killed a komodo dragon
  1249 | D        | Reached skill level 1 in Conjurations
  1249 | D        | Reached XP level 10. HP: 54/54 MP: 24/33
  1250 | D        | Killed a cane toad
  1250 | D        | Reached skill level 18 in Spellcasting
  1260 | D        | HP: 2/54 [basilisk (1)]
  1261 | D        | Slain by a basilisk

Illustrated notes

Levels and vault maps discovered:
D:        linesprint [early_d, line_temple, items_1, d_10, items_2, lair_1,
          lair_end, items_3, orc_1, orc_end, items_4, d_15, swamp_1, shoals_1,
          snake_1, spider_1, d_20, vaults_1, items_5, swamp_end, shoals_end,
          snake_end, spider_end, vaults_end, d_27, items_6, zot_1, zot_end,
          crypt_end, forest_end, elf_end, slime_end, tomb_end, abyss_end,
          pan_hell_end]

Skill      XL: |  1  2  3  4  5  6  7  8  9 10 |
---------------+-------------------------------+-----
Earth Magic    | 4 7 9 10 12 14 15 16 17 | 17.0
Dodging        | 3 4 5 6 |  6.7
Spellcasting   | 7 8 9 12 15 17 18 | 18.2
Stealth        | 3 4 5 |  5.2
Fighting       | 1 2 |  2.5
Transmutations | 2 3 |  3.0
Evocations     | 1 3 |  3.4
Conjurations   | 1 |  1.1

Action                   |  1- 3 |  4- 6 |  7- 9 | 10-12 || total
-------------------------+-------+-------+-------+-------++-------
 Cast: Sandblast         |    13 |     7 |     3 |       ||    23
       Lee's Rapid Decon |       |     4 |     8 |     3 ||    15
       Petrify           |       |       |     2 |       ||     2
       Stone Arrow       |       |       |     4 |       ||     4
Evoke: Wand              |       |     1 |     4 |       ||     5
  Use: Potion            |     1 |     2 |     5 |     1 ||     9
Armor: Robe              |     1 |     1 |       |       ||     2
Dodge: Dodged            |     1 |     4 |     2 |     2 ||     9

Table legend: (Time is in decaauts)
 A = Elapsed time spent in this place.
 B = Non-inter-level travel time spent in this place.
 C = Inter-level travel time spent in this place.
 D = Time resting spent in this place.
 E = Time spent auto-exploring this place.
 F = Levels seen in this place.
 G = Mean time per level.
                   A        B        C        D        E       F      G
               +--------+--------+--------+--------+--------+-----+--------+
         Total |   1254 |   1254 |      0 |    903 |     77 |   1 | 1254.0 |
       Dungeon |   1254 |   1254 |      0 |    903 |     77 |   1 | 1254.0 |
               +--------+--------+--------+--------+--------+-----+--------+

Top non-repeatable levels by time:
       D: 1254 daAuts
